 Dungeon Crawl Stone Soup version 0.20.0-8-g6b59dc7 (webtiles) character file.

898 Darkell the Magician (level 7, -8/37 HPs)
             Began as a Deep Elf Fire Elementalist on May 31, 2017.
             Mangled by heintsi's ghost (12 damage)
             ... on level 5 of the Dungeon.
             The game lasted 00:08:33 (5418 turns).

Darkell the Magician (Deep Elf Fire Elementalist)   Turns: 5418, Time: 00:08:33

Health: -8/37      AC:  5    Str:  5    XL:     7   Next: 79%
Magic:  6/18       EV: 14    Int: 22    God:
Gold:   299        SH:  0    Dex: 15    Spells: 8/18 levels left

rFire    . . .     SeeInvis .   m - +1 dagger (venom)
rCold    . . .     Gourm    .   (no shield)
rNeg     . . .     Faith    .   a - +0 robe
rPois    .         Spirit   .   (no helmet)
rElec    .         Reflect  .   (no cloak)
rCorr    +         Harm     .   n - +0 pair of gloves
MR       .....                  (no boots)
Stlth    +++.......             (no amulet)
Regen    0.2/turn               e - +2 ring of protection
MPRegen  0.2/turn               q - ring of resist corrosion

@: very slightly contaminated
A: no striking features
a: no special abilities


You were on level 5 of the Dungeon.
You were hungry.

You visited 1 branch of the dungeon, and saw 5 of its levels.

You collected 299 gold pieces.

Inventory:

Hand Weapons
 h - a +0 hand axe of venom
 m - a +1 dagger of venom (weapon)
Armour
 a - a +0 robe (worn)
 n - a +0 pair of gloves (worn)
Jewellery
 e - a +2 ring of protection (left hand)
 q - a ring of resist corrosion (right hand)
 w - an uncursed ring of poison resistance {unknown}
Wands
 p - a wand of polymorph (6/24)
Scrolls
 j - 3 scrolls of identify {unknown}
 o - a scroll of immolation {unknown}
 s - 2 scrolls of recharging {unknown}
 t - 3 scrolls of teleportation
 u - a scroll of magic mapping {unknown}
 v - a scroll of enchant weapon {unknown}
 x - a scroll of fog {unknown}
 y - a scroll of remove curse
Potions
 f - 2 potions of brilliance {unknown}
 g - a potion of mutation {unknown}
 i - 4 potions of heal wounds {unknown}
 k - a potion of haste {unknown}
 l - a potion of resistance {unknown}
 r - a potion of flight {unknown}
 z - a potion of berserk rage {unknown}
Books
 b - a book of Flames

   Spells                             Type                      Level
   a - Flame Tongue                   Conjuration/Fire             1
   b - Throw Flame                    Conjuration/Fire             2
   c - Conjure Flame                  Conjuration/Fire             3
   d - Inner Flame                    Hexes/Fire                   3
   e - Sticky Flame                   Conjuration/Fire             4
   f - Fireball                       Conjuration/Fire             5
Comestibles
 c - 3 bread rations
 d - 5 meat rations


   Skills:
 + Level 0.8 Fighting
 + Level 3.8 Dodging
 + Level 4.6 Stealth
 + Level 0.7 Unarmed Combat
 + Level 6.2 Spellcasting
 + Level 5.0 Conjurations
 + Level 5.9 Fire Magic


You had 8 spell levels left.
You knew the following spells:

 Your Spells              Type           Power        Failure   Level  Hunger
a - Flame Tongue          Conj/Fire      ####.        1%          1    None
b - Throw Flame           Conj/Fire      ####..       1%          2    None
c - Conjure Flame         Conj/Fire      ####....     2%          3    #......
d - Sticky Flame          Conj/Fire      ####....     9%          4    ###....


Dungeon Overview and Level Annotations

Branches:
Dungeon (5/15)
 Temple: D:4-7

Altars:
Gozag
Qazlal
Sif Muna
Zin

Annotations:
D:5 heintsi's ghost, novice MiBe


Message History

Heintsi's ghost is heavily damaged.
Heintsi's ghost hits you!
* * * LOW HITPOINT WARNING * * *
Casting: Flame Tongue
Confirm with . or Enter, or press ? or * to list all spells.
Aiming: Flame Tongue
Press: ? - help, Shift-Dir - straight line, f/p - heintsi's ghost
Aim: heintsi's ghost (heavily damaged)
The flame tongue misses heintsi's ghost.
Heintsi's ghost hits you.
* * * LOW HITPOINT WARNING * * *
Casting: Flame Tongue
Confirm with . or Enter, or press ? or * to list all spells.
Aiming: Flame Tongue
Press: ? - help, Shift-Dir - straight line, f/p - heintsi's ghost
Aim: heintsi's ghost (heavily damaged)
The flame tongue hits heintsi's ghost.
Heintsi's ghost is heavily damaged.
Heintsi's ghost hits you!
You die...

............(##########
..#..........##########
........(.)...........#
......................#
......................#
..####....#'###########
### #....#.#
######....#.############
#...##...W#...§W@.......
....##....#..###########
....##.........##
........[........#
.....%...........#
.................#
...............###
........)......#
...........>...#


You could see heintsi's ghost.

Vanquished Creatures
  An ice beast (D:5)
  An ogre (D:4)
  2 centaurs (D:5)
  2 scorpions (D:4)
  An orc priest (D:5)
  A centaur skeleton (D:4)
  3 orc wizards
  A gnoll shaman (D:4)
  2 iguanas (D:4)
  2 worker ants
  5 adders
  5 gnolls
  2 worms
  2 dart slugs
  4 leopard geckos
  11 orcs
  6 bats
  5 giant cockroaches
  7 goblins
  8 hobgoblins
  4 jackals
  A quokka (D:2)
  A ball python (D:1)
  5 frilled lizards
  9 kobolds
  11 rats
102 creatures vanquished.

Vanquished Creatures (others)
  A ghoul (D:1)
  A minotaur (D:1)
  2 octopodes (D:1)
  A gargoyle (D:1)
  A human (D:1)
  An ogre (D:1)
  A mummy (D:1)
  2 orcs (D:1)
  2 kobolds (D:1)
  8 tentacles (D:1)
20 creatures vanquished.

Grand Total: 122 creatures vanquished

Notes
Turn   | Place    | Note
-------+----------+-------------------------------------------
     0 | D:1      | Darkell the Deep Elf Fire Elementalist began the quest for the Orb.
     0 | D:1      | Reached XP level 1. HP: 10/10 MP: 6/6
     0 | D:1      | Noticed an ogre
     0 | D:1      | Noticed an octopode
     0 | D:1      | Noticed a ghoul
     0 | D:1      | Noticed a kraken
     0 | D:1      | Noticed a gargoyle
     0 | D:1      | Noticed a minotaur
     0 | D:1      | Noticed a human
     0 | D:1      | Noticed an octopode
     6 | D:1      | Killed a human
    10 | D:1      | Killed a gargoyle
    10 | D:1      | Killed an octopode
    10 | D:1      | Killed an ogre
    10 | D:1      | Killed a minotaur
    12 | D:1      | Killed an octopode
    15 | D:1      | Killed a ghoul
   321 | D:1      | Reached XP level 2. HP: 11/15 MP: 5/8
   395 | D:1      | Learned a level 2 spell: Throw Flame
  1146 | D:2      | Reached XP level 3. HP: 16/19 MP: 5/10
  1609 | D:2      | Found a glowing silver altar of Zin.
  1863 | D:2      | Learned a level 3 spell: Conjure Flame
  2178 | D:3      | Reached XP level 4. HP: 13/24 MP: 6/11
  2502 | D:3      | Found an opulent altar of Gozag.
  2667 | D:3      | Found a stormy altar of Qazlal.
  2837 | D:4      | Reached skill level 4 in Spellcasting
  2940 | D:4      | Reached XP level 5. HP: 21/28 MP: 4/13
  3664 | D:4      | Found a deep blue altar of Sif Muna.
  3674 | D:4      | Reached XP level 6. HP: 27/33 MP: 10/14
  3726 | D:4      | Learned a level 4 spell: Sticky Flame
  3776 | D:4      | Reached skill level 5 in Fire Magic
  3893 | D:4      | Reached skill level 5 in Spellcasting
  4288 | D:4      | Reached XP level 7. HP: 37/37 MP: 8/16
  4501 | D:5      | Entered Level 5 of the Dungeon
  4649 | D:5      | Noticed heintsi's ghost (novice MiBe)
  5068 | D:5      | Reached skill level 6 in Spellcasting
  5068 | D:5      | Reached skill level 5 in Conjurations
  5418 | D:5      | Mangled by heintsi's ghost

Skill      XL: |  1  2  3  4  5  6  7 |
---------------+----------------------+-----
Stealth        | 3 4 |  4.6
Fire Magic     | 4 5 |  5.9
Dodging        | 3 |  3.8
Spellcasting   | 4 5 6 |  6.2
Conjurations   | 2 3 4 5 |  5.0
Fighting       | |  0.8
Unarmed Combat | |  0.7

Action                   |  1- 3 |  4- 6 |  7- 9 || total
-------------------------+-------+-------+-------++-------
Melee: Unarmed           |     7 |     4 |       ||    11
       Hand axe          |     3 |       |       ||     3
       Short sword       |     2 |       |       ||     2
       Dagger            |       |     4 |     1 ||     5
 Cast: Flame Tongue      |    80 |    94 |    57 ||   231
       Conjure Flame     |     1 |     1 |     1 ||     3
       Sticky Flame      |       |       |     2 ||     2
       Throw Flame       |       |       |     1 ||     1
  Use: Scroll            |     2 |       |       ||     2
 Stab: Sleeping          |     1 |     1 |       ||     2
  Eat: Chunk             |     4 |     6 |     3 ||    13
Armor: Robe              |    12 |    14 |     8 ||    34
       Skin              |       |     2 |       ||     2
Dodge: Dodged            |    38 |    43 |    14 ||    95
